 Dungeon Crawl Stone Soup version 0.18.1-8-gdd0e5ea (webtiles) character file.

590 eoe the Skirmisher (level 7, -1/112 HPs)
             Began as a Troll Berserker on June 1, 2016.
             Was a Priest of Trog.
             Slain by an orc priest
             ... wielding a +0 hand axe
              (7 damage)
             ... on level 4 of the Dungeon.
             The game lasted 00:28:11 (3578 turns).

eoe the Skirmisher (Troll Berserker)                Turns: 3578, Time: 00:28:15

Health: -1/112     AC:  5    Str: 32    XL:     7   Next: 16%
Magic:  6/6        EV: 11    Int:  3    God:    Trog [***...]
Gold:   191        SH:  0    Dex: 10    Spells: 0 memorised, 6 levels left

rFire  . . .     SeeInvis .       - Unarmed
rCold  + . .     Gourm    +     a - +0 animal skin
rNeg   . . .     Faith    .     (no shield)
rPois  .         Spirit   .     (helmet restricted)
rElec  .         Dismiss  +     (no cloak)
rCorr  .         Reflect  .     (gloves unavailable)
SustAt .         Harm     .     (boots unavailable)
MR     .....                    j - amulet of dismissal
Stlth  ..........               (no ring)
                                t - ring of protection from cold

@: berserking, very quick, not resistant to hostile enchantments, extremely
unstealthy
A: unfitting armour, claws 3, fast metabolism 3, gourmand, regeneration 2,
shaggy fur 1, tough skin 2
a: Berserk, Trog's Hand, Burn Spellbooks, Renounce Religion


You were on level 4 of the Dungeon.
You worshipped Trog.
Trog was most pleased with you.
You were not hungry.

You visited 1 branch of the dungeon, and saw 4 of its levels.

You collected 191 gold pieces.

Inventory:

Hand Weapons
 D - a +5 dagger
Missiles
 g - 4 javelins (quivered)
Armour
 a - a +0 animal skin (worn)
Jewellery
 f - an uncursed ring of fire {unknown}
 i - an uncursed ring of protection from magic {unknown}
 j - an amulet of dismissal (around neck)
 l - an uncursed ring of flight {unknown}
 n - a +6 amulet of reflection {unknown}
 q - a +3 ring of strength {unknown}
 t - a ring of protection from cold (left claw)
Wands
 C - a wand of polymorph (10/24)
Scrolls
 b - 3 scrolls of remove curse
 c - a scroll of teleportation
 e - a scroll of immolation {unknown}
 r - a scroll of enchant armour {unknown}
 s - a scroll of enchant weapon {unknown}
 u - 2 scrolls of fog {unknown}
 v - a scroll of recharging {unknown}
 y - a scroll of magic mapping {unknown}
 A - 2 scrolls of identify
Potions
 d - a potion of degeneration {unknown}
 h - 4 potions of flight {unknown}
 o - a potion of might {unknown}
 p - 2 potions of heal wounds {unknown}
 w - a potion of lignification {unknown}
 z - a potion of cure mutation {unknown}
 B - a potion of berserk rage {unknown}
Comestibles
 k - 2 meat rations
 m - 2 fruits
 x - a beef jerky
 E - a chunk of flesh


   Skills:
 * Level 6.0 Fighting
 + Level 4.0 Dodging
 - Level 3.0 Unarmed Combat


You had 6 spell levels left.
You didn't know any spells.

Dungeon Overview and Level Annotations

Branches:
Dungeon (4/15)
 Temple: D:4-7

Altars:
Dithmenos
Makhleb
Trog


Innate Abilities, Weirdness & Mutations

You are too large for most types of armour.
You have claws for hands.
Your metabolism is lightning-fast.
You like to eat raw meat.
You heal very quickly.
You are covered in fur (AC +1).
You have very tough skin (AC +2).


Message History

Your Fighting skill increases to level 6!
Your Dodging skill increases to level 4!
You feel a bit more experienced.
You closely miss the orc.
The orc hits you with a hand axe of chopping.
* * * LOW HITPOINT WARNING * * *
x2 Your amulet of dismissal vibrates suddenly!
The orc disappears!
The orc priest invokes the aid of Beogh against you.
Beogh smites you!
* * * LOW HITPOINT WARNING * * *
Items here: ) [[ † a dagger; a robe; a leather armour; an orc corpse You claw the orc priest!
You kill the orc priest!
Trog accepts your kill. The orc hits you.
* * * LOW HITPOINT WARNING * * *
The orc priest hits you with a hand axe!
You die...

###.# ..#.###.. ..#
........# ..##
#........ #...
#.#.#...##.# #..
#.#.#.... .. #..
#.#.#.#
###.####o####..#
#.#.#.#
......o)o......
#.#.#.# #.###@#
#.#.#.# #..##[#
#.#.#.#######.##%#####
#.#..................#
...#.#########.#.###.#
.....# #.#.# .# ...###
#.#.###.## ...#
#........# ...#
###.......#


You could see an orc priest and 2 orcs.

Vanquished Creatures
  A water moccasin (D:3)
  2 hounds
  3 orc priests
  Terence (D:3)
  Natasha (thrice) (D:3)
  4 orc wizards
  5 adders
  An ooze (D:1)
  A worm (D:4)
  3 dart slugs
  4 giant geckos
  11 orcs
  3 bats (D:3)
  3 giant cockroaches
  3 goblins
  4 hobgoblins
  3 jackals (D:2)
  A giant newt (D:3)
  7 kobolds
  3 rats
66 creatures vanquished.

Notes
Turn   | Place    | Note
--------------------------------------------------------------
     0 | D:1      | eoe the Troll Berserker began the quest for the Orb.
     0 | D:1      | Reached XP level 1. HP: 22/22 MP: 0/0
   549 | D:1      | Reached XP level 2. HP: 29/29 MP: 1/1
   559 | D:1      | Reached skill level 3 in Fighting
  1272 | D:2      | Found a shadowy altar of Dithmenos.
  1414 | D:2      | Reached XP level 3. HP: 13/37 MP: 2/2
  1706 | D:2      | Reached skill level 4 in Fighting
  1706 | D:2      | Reached XP level 4. HP: 16/48 MP: 3/3
  2130 | D:3      | Reached ** piety under Trog
  2280 | D:3      | Noticed Natasha
  2291 | D:3      | Killed Natasha
  2359 | D:3      | Noticed Terence
  2368 | D:3      | Killed Terence
  2445 | D:3      | Reached XP level 5. HP: 45/55 MP: 4/4
  2504 | D:3      | Found a burning altar of Makhleb.
  2566 | D:3      | Found a bloodstained altar of Trog.
  2733 | D:3      | Noticed a water moccasin
  2741 | D:3      | Killed a water moccasin
  2741 | D:3      | Reached skill level 5 in Fighting
  2741 | D:3      | Reached XP level 6. HP: 57/66 MP: 5/5
  3338 | D:3      | Noticed Natasha
  3344 | D:3      | Killed Natasha
  3365 | D:3      | Noticed Natasha
  3388 | D:3      | Killed Natasha
  3553 | D:4      | Reached XP level 7. HP: 70/74 MP: 6/6
  3575 | D:4      | Reached *** piety under Trog
  3575 | D:4      | Reached skill level 6 in Fighting
  3578 | D:4      | Slain by an orc priest

Skill      XL: |  1  2  3  4  5  6  7 |
---------------+----------------------+-----
Fighting       | 3 4 5 6 |  6.0
Dodging        | 3 4 |  4.0
Unarmed Combat | |  3.0

Action                   |  1- 3 |  4- 6 |  7- 9 || total
-------------------------+-------+-------+-------++-------
Melee: Unarmed           |    66 |   126 |    21 ||   213
       Punch             |     1 |     2 |       ||     3
Invok: Berserk           |       |     2 |     1 ||     3
  Use: Scroll            |     2 |     2 |       ||     4
  Eat: Bread ration      |     1 |     2 |       ||     3
       Chunk             |     7 |     8 |       ||    15
       Fruit             |     2 |     3 |       ||     5
Armor: Animal skin       |    20 |    55 |     6 ||    81
       Skin              |       |    24 |       ||    24
Dodge: Dodged            |    48 |    80 |     5 ||   133
